 Dungeon Crawl Stone Soup version 0.26-a0-466-g989023bd0d (webtiles) character file.

Game seed: 8480114762368007487

51 kae the Chiller (level 3, -4/24 HPs)
             Began as a Merfolk Ice Elementalist on Aug 13, 2020.
             Slain by a killer bee zombie (5 damage)
             ... on level 2 of the Dungeon.
             The game lasted 00:02:04 (1855 turns).

kae the Chiller (Merfolk Ice Elementalist)          Turns: 1855, Time: 00:02:05

Health: -4/24      AC:  9    Str:  8    XL:     3   Next: 81%
Magic:  6/6        EV: 16    Int: 15    God:
Gold:   25         SH:  0    Dex: 14    Spells: 3/7 levels left

rFire    . . .     SeeInvis .   g - +1 dagger (protect)
rCold    . . .     Faith    .   (no shield)
rNeg     . . .     Spirit   .   a - +0 robe
rPois    .         Reflect  .   (no helmet)
rElec    .         Harm     .   (no cloak)
rCorr    .                      (no gloves)
MR       .....                  (boots currently unavailable)
Stlth    +++.......             (no amulet)
HPRegen  0.08/turn              (no ring)
MPRegen  0.10/turn              (no ring)

@: protection aura, very quick
A: change form in water, swift swim, stealthy swim
a: no special abilities


You were on level 2 of the Dungeon.
You visited 1 branch of the dungeon, and saw 2 of its levels.

You collected 25 gold pieces.

Inventory:

Hand Weapons
 c - a +0 short sword
 g - a +1 dagger of protection (weapon)
Armour
 a - a +0 robe (worn)
Scrolls
 b - 2 scrolls of remove curse
Potions
 d - 3 potions of lignification {unknown}
 e - 2 potions of curing {unknown}
 f - a potion of berserk rage {unknown}
 h - a potion of ambrosia {unknown}
 i - a potion of cancellation {unknown}
 j - 2 potions of haste {unknown}
 k - a potion of brilliance {unknown}


   Skills:
 - Level 2.6 Dodging
 - Level 2.1 Stealth
 + Level 2.6 Spellcasting
 * Level 5.4 Ice Magic


You had 3 spell levels left.
You knew the following spells:

 Your Spells              Type           Power        Failure   Level
a - Freeze                Ice            ###.         2%          1
b - Frozen Ramparts       Ice            ###...       7%          3

Your spell library contained the following spells:

 Spells                   Type           Power        Failure   Level
 Ozocubu's Armour         Ice            ###.....     7%          3
 Hailstorm                Conj/Ice       ##......     56%         4
 Summon Ice Beast         Ice/Summ       ##......     56%         4


Dungeon Overview and Level Annotations

Branches:
Dungeon (2/15)

Altars:


Message History

The killer bee zombie hits you.
* * * LOW HITPOINT WARNING * * *
You hit the killer bee zombie.
Your weapon exudes an aura of protection.
The killer bee zombie is heavily damaged.
The killer bee zombie closely misses you.
You closely miss the killer bee zombie.
The killer bee zombie is heavily damaged.
The killer bee zombie hits you but does no damage.
The killer bee zombie completely misses you.
You hit the killer bee zombie.
The killer bee zombie is severely damaged.
The killer bee zombie hits you.
* * * LOW HITPOINT WARNING * * *
The killer bee zombie misses you.
You hit the killer bee zombie.
The killer bee zombie is severely damaged.
The killer bee zombie hits you but does no damage.
The killer bee zombie hits you.
You die...

#... #)..........##.#.# ##..##
#...........##.#.#
###....####...........##.#.#
#......##.............##...######
#...........<.................
#.#.##...........≈P≈......≈≈.P ..
# #.#####..≈≈≈≈...≈≈≈)≈P≈≈.≈P≈
...#.#.####..P≈≈≈≈≈≈≈≈≈≈≈≈≈≈P≈≈≈≈
...#.#......≈≈.≈@≈≈≈≈≈≈≈≈≈≈≈≈≈≈≈≈
..........P..≈≈≈≈Z≈≈≈≈≈P≈P.P≈≈≈PP
.........≈≈≈≈P≈≈≈≈≈g≈≈≈≈≈..≈≈....
..#..##...≈≈≈≈≈≈≈≈≈≈.≈≈..........
........≈≈≈≈≈≈P≈≈P.≈≈.....#....##
.##)#...≈≈≈≈≈≈.≈≈.....###.#.#.###
......P≈P≈≈≈P≈≈..................
.##....≈≈≈≈≈.≈......##.##.#......
###...≈≈≈≈≈≈........##...........


You could see a gnoll and a killer bee zombie.

Vanquished Creatures
  An adder (D:2)
  2 oozes
  A worm (D:2)
  2 dart slugs (D:1)
  A leopard gecko (D:2)
  A giant cockroach (D:1)
  4 goblins
  3 hobgoblins
  2 quokkas (D:2)
  3 bats
  4 kobolds
  2 rats (D:1)
26 creatures vanquished.

Notes
Turn   | Place    | Note
-------+----------+-------------------------------------------
     0 | D:1      | kae the Merfolk Ice Elementalist began the quest for the
                  | Orb.
     0 | D:1      | Reached XP level 1. HP: 13/13 MP: 3/3
   189 | D:1      | Reached XP level 2. HP: 13/19 MP: 0/5
   767 | D:1      | Reached skill level 5 in Ice Magic
   994 | D:2      | Reached XP level 3. HP: 24/24 MP: 1/6
  1296 | D:2      | Learned a level 3 spell: Frozen Ramparts
  1854 | D:2      | HP: 1/24 [killer bee zombie (4)]
  1855 | D:2      | Slain by a killer bee zombie

Illustrated notes

Levels and vault maps discovered:
D:1:      minmay_arrival_semitransparent, layout_basic,
          minmay_misc_feat_nine_boxes
D:2:      layout_basic, minitemple, chequers_big_river, uniq_crazy_yiuf_cottage,
          uniq_natasha

Skill      XL: |  1  2 |
---------------+-------+-----
Ice Magic      | 5 |  5.4
Dodging        | |  2.6
Stealth        | |  2.1
Spellcasting   | |  2.6

Action                   || total
-------------------------++-------
Melee: Short sword       ||     1
       Dagger            ||    22
 Cast: Freeze            ||    43
  Use: Scroll            ||     2
 Stab: Sleeping          ||     1
Armor: Robe              ||    22
Dodge: Dodged            ||    50

Table legend: (Time is in decaauts)
 A = Elapsed time spent in this place.
 B = Non-inter-level travel time spent in this place.
 C = Inter-level travel time spent in this place.
 D = Time resting spent in this place.
 E = Time spent auto-exploring this place.
 F = Levels seen in this place.
 G = Mean time per level.
                   A        B        C        D        E       F      G
               +--------+--------+--------+--------+--------+-----+--------+
         Total |   1844 |   1805 |     39 |    326 |   1219 |   2 |  922.0 |
       Dungeon |   1844 |   1805 |     39 |    326 |   1219 |   2 |  922.0 |
               +--------+--------+--------+--------+--------+-----+--------+

Top non-repeatable levels by time:
     D:1: 1125 daAuts
     D:2: 718 daAuts
